Map: Oxide LE

Players

PlayEatSleep

  • Race: Zerg Zerg
  • League: Master

iloveoof - Winner!

  • Race: Terran Terran
  • League: Master

VOD

Have the link to the VOD?

Description

Time

  • Played on: May 9, 2021, 12:04 p.m.
  • Length: 17:23
Show
View Real Time Build Order
Export as new Build Order

PlayEatSleep Zerg 

Build Orders: Hatch First, Lurkers 

Get SALT Encoding   

  12  0:00  Drone  
  13  0:13  Overlord  
  13  0:17  Drone  
  14  0:31  Drone x2  
  16  0:48  Hatchery  
  15  0:51  Drone  
  15  0:55  Drone  
  17  0:58  Drone  
  18  1:09  Extractor  
  17  1:13  Spawning Pool  
  17  1:16  Drone  
  17  1:20  Drone  
  18  1:28  Drone  
  19  1:39  Drone  
  20  1:51  Overlord  
  20  2:00  Queen  
  20  2:01  Zergling x4, Queen  
  26  2:11  Drone  
  26  2:12  Drone, Metabolic Boost  
  28  2:21  Extractor  
  28  2:22  Drone x2  
  29  2:33  Drone  
  29  2:34  Drone  
  31  2:42  Extractor  
  31  2:45  Drone  
  31  2:47  Overlord  
  31  2:48  Queen  
  34  2:58  Drone x2  
  36  3:03  Extractor  
  36  3:09  Drone x2, Overlord  
  36  3:11  Drone  
  39  3:15  Drone x2  
  39  3:18  Hatchery  
  41  3:27  Queen  
  41  3:32  Roach Warren  
  42  3:34  Drone x3, Extractor  
  42  3:41  Drone x4  
  48  3:49  Overlord x2  
  48  3:57  Overlord  
  48  4:15  Roach x5  
  58  4:19  Roach  
  60  4:25  Roach  
  60  4:27  Roach  
  60  4:31  Queen  
  66  4:32  Drone x4  
  70  4:46  Zergling x12  
  70  4:50  Ravager x2  
  78  4:55  Ravager  
  78  4:57  Spore Crawler x2  
  78  4:59  Spore Crawler  
  76  5:01  Spore Crawler  
  76  5:02  Drone x7, Spore Crawler  
  76  5:06  Overlord  
  82  5:21  Overlord x2  
  78  5:35  Drone x9  
  78  5:40  Queen x2  
  78  5:42  Lair  
  81  5:49  Overlord  
  69  5:57  Drone x7  
  69  6:00  Extractor x2  
  74  6:11  Overlord  
  74  6:12  Drone x2, Hatchery  
  75  6:19  Queen  
  75  6:24  Zergling x6  
  75  6:25  Zergling x4  
  77  6:33  Queen  
  77  6:38  Drone x2  
  77  6:39  Zergling x6  
  85  6:40  Zergling x2  
  85  6:41  Glial Reconstitution  
  85  6:46  Overseer  
  85  6:50  Drone x5  
  85  6:51  Evolution Chamber  
  85  6:53  Evolution Chamber  
  88  7:02  Drone x4  
  88  7:05  Extractor x2  
  90  7:12  Overlord x2  
  90  7:14  Drone  
  90  7:15  Drone  
  92  7:18  Overseer, Zerg Missile Weapons Level 1  
  92  7:24  Zerg Ground Armor Level 1  
  92  7:26  Hatchery  
  91  7:33  Overlord, Roach  
  91  7:34  Roach x5  
  103  7:45  Roach x3  
  109  7:54  Roach  
  109  7:55  Roach x8  
  127  8:00  Ravager x4  
  127  8:01  Ravager x2  
  127  8:02  Queen  
  127  8:04  Roach  
  137  8:09  Drone x4  
  109  8:28  Roach x11  
  127  8:39  Overlord x2  
  127  8:40  Overlord  
  125  8:46  Roach x5  
  135  8:57  Queen  
  136  9:07  Roach x11  
  145  9:19  Roach x5  
  155  9:33  Zerg Ground Armor Level 2, Zerg Missile Weapons Level 2  
  155  9:35  Drone x2  
  155  9:36  Ravager x3  
  160  9:47  Overlord x3  
  160  10:10  Drone x16  
  174  10:20  Hydralisk Den  
  173  10:25  Ravager x10  
  173  10:26  Ravager, Overseer  
  184  10:30  Overlord x2  
  184  10:32  Extractor  
  184  10:33  Spore Crawler, Extractor  
  184  10:34  Spore Crawler  
  180  10:46  Roach x2  
  180  10:49  Pneumatized Carapace  
  184  10:56  Lurker Den  
  183  11:00  Infestation Pit  
  182  11:06  Roach x2  
  182  11:07  Roach x7  
  200  11:40  Hive  
  200  11:57  Hatchery  
  197  12:45  Hydralisk  
  195  13:02  Hydralisk  
  195  13:03  Hydralisk x3  
  195  13:05  Seismic Spines  
  199  13:06  Zerg Missile Weapons Level 3, Adrenal Glands  
  199  13:07  Zerg Ground Armor Level 3  
  199  13:29  Lurker  
  200  13:35  Overseer  
  200  13:47  Lurker  
  200  13:48  Lurker x3  
  188  13:55  Zergling x4, Roach x8  
  169  13:56  Zergling x6, Roach  
  169  13:57  Hydralisk x9  
  169  14:02  Adaptive Talons  
  146  14:16  Hydralisk x15  
  158  14:18  Overlord x4  
  172  14:33  Roach x12  
  169  14:43  Muscular Augments  
  145  14:48  Roach x4  
  145  14:49  Roach x11  
  155  15:00  Lurker x6  
  155  15:01  Lurker  
  155  15:03  Drone x10  
  172  15:20  Spore Crawler, Extractor  
  142  15:21  Extractor  
  142  15:23  Spine Crawler  
  96  15:37  Hydralisk  
  96  15:38  Hydralisk x11, Roach  
  96  15:39  Roach x4  
  124  15:44  Hatchery  
  124  15:48  Ravager  
  124  15:54  Grooved Spines  
  124  16:02  Drone  
  124  16:03  Drone x2  
  124  16:11  Roach  
  124  16:12  Roach x9  
  124  16:15  Lurker x2  
  134  16:29  Hydralisk  
  134  16:30  Hydralisk x3  
  133  16:32  Lurker  
  133  16:33  Lurker  
  133  16:35  Roach  
  133  16:37  Lurker  
  121  16:56  Roach x4  
  121  16:57  Roach x3  
  121  16:58  Overseer  
Show
View Real Time Build Order
Export as new Build Order

iloveoof Terran - Winner!

Build Orders: Reaper Expand, Hellion Banshee 

Get SALT Encoding   

  12  0:00  SCV  
  13  0:12  SCV  
  14  0:17  Supply Depot  
  14  0:24  SCV  
  15  0:40  Barracks  
  15  0:45  SCV  
  15  0:46  Refinery  
  16  0:57  SCV  
  17  1:09  SCV  
  18  1:21  SCV  
  19  1:30  Reaper  
  20  1:33  Orbital Command  
  20  1:42  Command Center  
  20  1:52  Supply Depot  
  20  1:59  SCV  
  21  2:01  Marine  
  22  2:11  Factory  
  22  2:13  SCV  
  23  2:23  Bunker  
  23  2:26  SCV  
  24  2:30  Barracks Reactor  
  24  2:34  Refinery  
  24  2:38  SCV  
  25  2:50  SCV  
  26  3:08  SCV, Starport  
  26  3:09  Orbital Command  
  27  3:19  Barracks Tech Lab, Hellion x2  
  31  3:20  SCV  
  32  3:32  SCV  
  33  3:39  SCV  
  33  3:40  Hellion x2  
  38  3:41  Supply Depot  
  38  3:44  SCV  
  39  3:50  Banshee  
  39  3:51  SCV  
  39  3:53  Cloaking Field  
  43  3:57  SCV  
  43  3:58  Barracks Tech Lab  
  43  4:01  Hellion  
  46  4:03  SCV, Hellion  
  46  4:05  Supply Depot  
  46  4:09  SCV  
  49  4:14  Barracks  
  49  4:15  SCV  
  50  4:21  SCV  
  51  4:27  SCV  
  51  4:29  Command Center  
  52  4:32  Supply Depot  
  52  4:33  SCV  
  52  4:35  Banshee  
  56  4:39  SCV  
  56  4:45  SCV  
  56  4:54  Stimpack  
  56  4:57  Barracks, SCV x2  
  56  4:59  Barracks  
  58  5:00  Marine  
  58  5:01  Factory Reactor  
  58  5:04  Refinery  
  58  5:05  Refinery  
  59  5:08  Engineering Bay  
  59  5:09  SCV  
  59  5:10  SCV  
  61  5:18  Marine  
  61  5:19  Engineering Bay  
  61  5:26  SCV  
  62  5:34  SCV  
  59  5:38  SCV  
  59  5:41  Marine  
  59  5:42  Command Center  
  60  5:47  SCV, Terran Infantry Armor Level 1, Terran Infantry Weapons Level 1  
  60  5:50  SCV  
  60  5:51  Starport Reactor  
  59  5:58  Marine x2  
  59  5:59  SCV  
  62  6:09  Supply Depot  
  62  6:14  Supply Depot  
  62  6:15  Marine x3  
  62  6:16  SCV, Siege Tank  
  69  6:19  SCV  
  70  6:30  SCV  
  70  6:32  Marine x2  
  73  6:33  Marine x2, Medivac  
  73  6:34  Marine  
  73  6:35  Medivac  
  73  6:36  SCV  
  81  6:41  Combat Shield  
  81  6:42  SCV  
  81  6:45  Supply Depot  
  82  6:48  SCV  
  82  6:50  Marine x2  
  82  6:51  Marine  
  86  6:54  Supply Depot  
  86  7:07  Marine x2, Siege Tank, Medivac  
  86  7:08  Marine  
  94  7:11  Marine x2  
  93  7:15  Medivac  
  93  7:17  Supply Depot  
  95  7:23  Armory  
  95  7:24  SCV x2, Marine x2  
  95  7:27  Barracks  
  99  7:32  Barracks, Marine  
  99  7:33  Marine  
  99  7:36  SCV x2  
  103  7:37  Medivac  
  103  7:39  Supply Depot  
  105  7:48  SCV, Orbital Command  
  105  7:49  Supply Depot  
  106  7:52  Marine  
  106  7:53  Marine x2  
  109  8:02  SCV x2  
  109  8:03  Marine x2  
  113  8:10  Marine x2  
  113  8:11  Marine  
  115  8:13  Siege Tank  
  115  8:14  SCV x2  
  112  8:26  Marine, Barracks Reactor  
  72  8:27  SCV, Medivac x2  
  109  8:28  SCV  
  110  8:41  Marine x3  
  110  8:42  Barracks Reactor  
  110  8:43  SCV x3  
  115  8:48  Terran Infantry Weapons Level 2  
  115  8:49  Terran Infantry Armor Level 2  
  115  8:53  Terran Vehicle Weapons Level 1  
  115  8:58  SCV x2  
  117  9:06  SCV, Marine x4  
  117  9:09  Marine  
  119  9:10  SCV, Marine  
  119  9:16  Marine  
  114  9:17  Siege Tank  
  114  9:23  Marine, Medivac x2  
  114  9:24  Marine  
  122  9:25  SCV x2  
  122  9:26  SCV  
  122  9:27  Marine x3  
  129  9:36  Bunker x2  
  129  9:37  Bunker  
  129  9:40  Bunker  
  129  9:49  Siege Tank  
  129  9:50  Marine x4  
  133  9:52  Marine  
  133  9:53  Marine x4  
  133  9:57  Medivac  
  140  10:01  SCV x3  
  140  10:04  Refinery  
  132  10:07  Marine  
  132  10:08  Marine x3  
  132  10:10  Marine x3  
  132  10:11  Marine  
  140  10:17  SCV x3  
  140  10:20  Supply Depot  
  143  10:22  Marine  
  143  10:23  Siege Tank  
  143  10:25  Marine x2  
  149  10:31  Supply Depot  
  149  10:33  Supply Depot, Factory  
  149  10:36  Refinery  
  149  10:41  Marine  
  150  10:45  Marine  
  150  10:46  Marine x6  
  157  10:53  Marine  
  157  10:55  Siege Tank  
  161  10:59  Marine  
  161  11:02  Medivac  
  161  11:03  Marine x2, Medivac  
  161  11:04  Marine x2  
  168  11:05  Supply Depot  
  168  11:06  Terran Infantry Weapons Level 3, Terran Infantry Armor Level 3  
  168  11:10  Supply Depot x2  
  168  11:11  Supply Depot  
  169  11:15  Marine x4  
  173  11:21  Factory Tech Lab  
  173  11:24  Factory  
  173  11:26  Command Center, Marine x2  
  173  11:27  Siege Tank  
  173  11:30  Marine x2  
  173  11:31  Marine  
  181  11:33  Missile Turret, Supply Depot, Marine x2  
  181  11:34  Command Center  
  181  11:35  Marine, Medivac x2  
  181  11:36  Marine  
  181  11:37  Missile Turret  
  181  11:38  Concussive Shells  
  189  11:43  Barracks  
  189  11:44  Marine x2  
  189  11:46  Barracks x2  
  189  11:47  Terran Vehicle Weapons Level 2  
  191  11:53  Siege Tank  
  194  11:55  Marine  
  194  11:56  Marine x2, Marauder  
  194  11:57  Marine  
  194  11:59  Missile Turret  
  194  12:01  Missile Turret  
  200  12:03  Missile Turret  
  200  12:25  Bunker  
  200  12:27  Sensor Tower  
  200  12:28  Sensor Tower  
  200  12:29  Command Center  
  200  12:55  Bunker  
  198  13:05  Barracks Tech Lab x3  
  198  13:08  Refinery  
  192  13:24  Marine x9  
  192  13:25  Marauder  
  192  13:26  Refinery  
  200  13:27  Ghost Academy  
  200  13:29  Planetary Fortress  
  200  13:34  Factory  
  187  13:54  Marine  
  187  13:55  Marine x11  
  169  14:07  Siege Tank x2, Medivac x2  
  177  14:12  Marine  
  177  14:13  Marine x9, Marauder x2  
  177  14:15  Planetary Fortress  
  190  14:23  Enhanced Shockwaves  
  190  14:25  Terran Vehicle Weapons Level 3  
  190  14:26  Hi-Sec Auto Tracking, Neosteel Armor  
  190  14:30  Marine x3  
  195  14:31  Marauder  
  195  14:33  SCV x2  
  195  14:37  Refinery  
  172  14:38  Refinery  
  172  14:39  Command Center  
  172  14:41  Marine x2  
  172  14:42  Marine x3, Ghost  
  172  14:43  Command Center  
  169  14:54  SCV  
  169  14:55  SCV x3  
  160  15:02  Sensor Tower, Marine  
  160  15:03  Marine, Marauder x2, Ghost  
  160  15:04  Marine x6  
  174  15:08  Siege Tank  
  174  15:11  Marine  
  178  15:20  Marine  
  169  15:24  Ghost x2  
  169  15:28  Ghost  
  160  15:41  Siege Tank  
  162  15:43  Factory Tech Lab  
  162  15:46  Ghost  
  162  15:48  Marine x8  
  172  15:50  Siege Tank  
  172  15:52  Ghost x2, Factory Tech Lab  
  179  15:57  Marine  
  179  16:00  Planetary Fortress  
  179  16:01  Orbital Command  
  180  16:05  Marine  
  180  16:06  Marine x6  
  187  16:14  Siege Tank  
  187  16:15  Siege Tank x2  
  196  16:20  Command Center  
  176  16:31  Siege Tank  
  176  16:32  Ghost x4  
  174  16:33  Marine  
  174  16:34  Marine x4  
Tags
 
Add a new tag
Caveats
  • Supply blocks, unpowered buildings, or Contaminate may cause inaccurate times.
  • Supply counts are checked every 10 seconds.